 Dungeon Crawl Stone Soup version 0.28-a0-1412-gf95308ed99 (webtiles) character file.

Game seed: 4007751393474000250

138 HallandMoats the Skirmisher (level 5, -5/46 HPs)
             Began as a Ghoul Fighter on Jan 6, 2022.
             Killed from afar by an orc wizard (6 damage)
             ... with a puff of flame
             ... on level 3 of the Dungeon.
             The game lasted 00:01:48 (2132 turns).

HallandMoats the Skirmisher (Ghoul Fighter)         Turns: 2132, Time: 00:01:49

Health: -5/46      AC:  8    Str: 20    XL:     5   Next: 21%
Magic:  4/4        EV:  9    Int:  3    God:
Gold:   103        SH:  4    Dex: 10    Spells: 4/4 levels left

rFire   . . .      SeeInvis .   a - +0 war axe
rCold   + . .      Faith    .   c - +0 buckler
rNeg    + + +      Spirit   .   b - +0 scale mail
rPois   ∞          Reflect  .   (no helmet)
rElec   .          Harm     .   (no cloak)
rCorr   .          Rampage  .   g - +0 pair of gloves
Will    .....                   (no boots)
Stlth   ..........              (no amulet)
HPRegen 0.00/turn               (no ring)
MPRegen 0.09/turn               (no ring)

@: mighty, inhibited regen
A: claws 1, cold resistance 1, negative energy resistance 3, inhibited
regeneration, torment resistance 2
a: no special abilities


You were on level 3 of the Dungeon.
You visited 1 branch of the dungeon, and saw 3 of its levels.

You collected 103 gold pieces.

Inventory:

Hand Weapons
 a - a +0 war axe (weapon)
Armour
 b - a +0 scale mail (worn)
 c - a +0 buckler (worn)
 g - a +0 pair of gloves (worn)
Jewellery
 h - a ring of willpower
 l - a ring of resist corrosion
Scrolls
 e - 2 scrolls of identify {unknown}
 k - a scroll of blinking {unknown}
Potions
 f - 2 potions of lignification {unknown}
 i - a potion of invisibility {unknown}
 j - a potion of attraction {unknown}


   Skills:
 + Level 3.9 Fighting
 + Level 2.5 Axes
 + Level 3.2 Armour
 + Level 1.4 Dodging
 * Level 3.7 Shields


You had 4 spell levels left.
You didn't know any spells.
Your spell library contained the following spells:

 Spells                   Type           Power      Damage    Failure   Level
 Magic Dart               Conj           0%         1d3       92%         1
 Searing Ray              Conj           0%         2d4       98%         2
 Fulminant Prism          Conj/Hex       0%         3d6       100%        4


Dungeon Overview and Level Annotations

Branches:
Dungeon (3/15)

Altars:

Shops:
D:1 [


Innate Abilities, Weirdness & Mutations

You thrive by killing the living.
You are immune to poison.
You have sharp fingernails.
Your flesh is cold resistant. (rC+)
You are immune to negative energy. (rN+++)
You do not regenerate when monsters are visible.
You are immune to unholy pain and torment.


Message History

There is a strange disturbance nearby!
You are too injured to fight recklessly!
Unknown command.
There is a strange disturbance nearby!
You are too injured to fight recklessly!
Unknown command.
There is a strange disturbance nearby!
You closely miss something. Something hits you but does no damage.
You miss something.
You hear some strange, mumbled words.
A magic dart appears from out of thin air!
The magic dart hits you but does no damage.
You hear some strange, mumbled words.
Something tries to affect you, but you resist.
You miss something. Something completely misses you.
You barely miss something. Something hits you.
Something hits you but does no damage.
You barely miss something. Something hits you.
You miss something.
Something hits you but does no damage. x2
You miss something. Something hits you.
You barely miss something. Something hits you.
* * * LOW HITPOINT WARNING * * *
You feel very mighty all of a sudden. Something hits you.
* * * LOW HITPOINT WARNING * * *
You miss something. Something hits you but does no damage. Something hits you.
* * * LOW HITPOINT WARNING * * *
You closely miss something. Something hits you.
* * * LOW HITPOINT WARNING * * *
You slash something! Something hits you.
* * * LOW HITPOINT WARNING * * *
You hear some strange, mumbled words.
A magic dart appears from out of thin air!
The magic dart hits you.
* * * LOW HITPOINT WARNING * * *
You closely miss something.
You hear some strange, mumbled words.
A puff of flame appears from out of thin air!
The puff of flame hits you.
You die...

##.##.#####.###.#..
...(.......#......
####.#..###.......#
#.........#.......#
#.##.##...#.......########
#+#<.###..#...............
.....###..#...............
......#.†.#....#{.........
......#.#†#.##.#@)........
......#.#...##.#..........
............##.#..........
.......###..##.#..........
..........#.##.#..........
........#.#....#..........
........#.#..###..........
........#.#...............
..............##.#########


There were no monsters in sight!

Vanquished Creatures
  An orc wizard (D:3)
  7 adders
  A dart slug (D:2)
  3 bats
  An endoplasm (D:2)
  3 giant cockroaches
  3 goblins (D:2)
  A hobgoblin (D:3)
  5 jackals (D:3)
  4 quokkas
  10 ball pythons
  4 frilled lizards
  2 kobolds
  7 rats
52 creatures vanquished.

Notes
Turn   | Place    | Note
-------+----------+-------------------------------------------
     0 | D:1      | HallandMoats the Ghoul Fighter began the quest for the Orb.
     0 | D:1      | Reached XP level 1. HP: 19/19 MP: 0/0
   413 | D:1      | Found a faded altar of an unknown god.
   465 | D:1      | Reached XP level 2. HP: 26/26 MP: 1/1
   630 | D:1      | Found Xawac's Antique Armour Boutique.
  1129 | D:2      | Reached XP level 3. HP: 31/31 MP: 2/2
  1380 | D:2      | Reached skill level 1 in Dodging
  1511 | D:2      | Reached XP level 4. HP: 40/40 MP: 3/3
  2120 | D:3      | Reached XP level 5. HP: 21/46 MP: 4/4
  2131 | D:3      | HP: 1/46 [something/magic dart (2)]
  2132 | D:3      | Killed from afar by an orc wizard

Illustrated notes

Levels and vault maps discovered:
D:1:      psy_arrival_heroes, layout_loops_ring, serial_shops, shop,
          nicolae_ecumenical_snake_handling
D:2:      minmay_wonky_spiral, layout_loops_ring,
          chequers_serial_rivers_large_a, st_stairs_8
D:3:      layout_basic

Skill      XL: |  1  2  3  4 |
---------------+-------------+-----
Shields        | 3 |  3.7
Axes           | 2 |  2.5
Dodging        | 1 |  1.4
Armour         | 3 |  3.2
Fighting       | |  3.9

Action                   |  1- 3 |  4- 6 || total
-------------------------+-------+-------++-------
Melee: War axe           |   106 |   100 ||   206
  Use: Potion            |       |     1 ||     1
Armor: Scale mail        |    40 |    46 ||    86
Dodge: Dodged            |    59 |    64 ||   123
Block: Buckler           |    37 |    35 ||    72

Table legend: (Time is in decaauts)
 A = Elapsed time spent in this place.
 B = Non-inter-level travel time spent in this place.
 C = Inter-level travel time spent in this place.
 D = Time resting spent in this place.
 E = Time spent auto-exploring this place.
 F = Levels seen in this place.
 G = Mean time per level.
                   A        B        C        D        E       F      G
               +--------+--------+--------+--------+--------+-----+--------+
         Total |   2233 |   2152 |     81 |      0 |   1706 |   3 |  744.3 |
       Dungeon |   2233 |   2152 |     81 |      0 |   1706 |   3 |  744.3 |
               +--------+--------+--------+--------+--------+-----+--------+

Top non-repeatable levels by time:
     D:2: 1071 daAuts
     D:1: 876 daAuts
     D:3: 285 daAuts
